 Dungeon Crawl Stone Soup version 0.19.5 (webtiles) character file.

227555 Jerry the Minotaur Blade (level 18, -4/264 HPs)
             Began as a Minotaur Fighter on Apr 2, 2017.
             Was a High Priest of Okawaru.
             Drowned by a water nymph (11 damage)
             ... on level 3 of the Shoals.
             The game lasted 02:49:43 (47633 turns).

Jerry the Minotaur Blade (Minotaur Fighter)        Turns: 47633, Time: 02:49:44

Health: -4/264     AC: 29    Str: 25    XL:     18   Next: 68%
Magic:  19/23      EV: 14    Int:  9    God:    Okawaru [*****.]
Gold:   586        SH:  4    Dex: 10    Spells: 2 memorised, 9 levels left

rFire  + + .     SeeInvis +     B - +8 falchion of Kuquotipt {drain, rN+ MR++ Str-4}
rCold  + + .     Gourm    .     L - +4 ice dragon scales
rNeg   + . .     Faith    .     Q - +0 buckler {rPois}
rPois  +         Spirit   .     P - +1 hat
rElec  +         Reflect  .     a - +1 cloak of Dacaiz {Int+4}
rCorr  +         Harm     .     H - +2 pair of gloves
MR     ++...                    i - +0 pair of boots
Stlth  ..........               U - amulet of regeneration
                                u - ring of Trog's Wrath {rElec rF+++ MR- Int-5 SInv}
                                K - ring of resist corrosion

@: berserking, engulfed (cannot breathe), very quick
A: retaliatory headbutt, horns 2, wild magic 1
a: Heroism, Finesse, Renounce Religion
}: 1/15 runes: serpentine


You were on level 3 of the Shoals.
You worshipped Okawaru.
Okawaru was extremely pleased with you.
You were not hungry.

You visited 8 branches of the dungeon, and saw 34 of its levels.

You collected 2627 gold pieces.
You spent 2041 gold pieces at shops.

Inventory:

Hand Weapons
 p - a +2 scimitar of flaming
 B - the +8 falchion of Kuquotipt (weapon) {drain, rN+ MR++ Str-4}
   (You took it off a gnoll on level 7 of the Dungeon)

   A truly terrible weapon, it drains the life of those it strikes.
   It affects your strength (-4).
   It protects you from negative energy.
   It affects your resistance to hostile enchantments.
 I - a +5 triple sword of electrocution
Missiles
 b - 6 tomahawks of returning (quivered)
Armour
 a - the +1 cloak of Dacaiz (worn) {Int+4}
   (Okawaru gifted it to you on level 3 of the Lair of Beasts)

   It affects your intelligence (+4).
 i - a +0 pair of boots (worn)
 H - a +2 pair of gloves (worn)
 L - +4 ice dragon scales (worn)
 P - a +1 hat (worn)
 Q - a +0 buckler of poison resistance (worn)
Jewellery
 u - the ring of Trog's Wrath (right hand) {rElec rF+++ MR- Int-5 SInv}
   (You bought it in a shop on level 1 of the Snake Pit)

   [ring of see invisible]

   It affects your intelligence (-5).
   It renders you almost immune to fire.
   It insulates you from electricity.
   It affects your resistance to hostile enchantments.
   It lets you see invisible.
 K - a ring of resist corrosion (left hand)
 R - the amulet of Vegodil {Gourm rC+ MR+}
   (You bought it in a shop on level 1 of the Snake Pit)

   [amulet of the gourmand]

   It allows you to eat raw meat even when not hungry.
   It protects you from cold.
   It affects your resistance to hostile enchantments.
 U - an amulet of regeneration (around neck)
Wands
 q - a wand of disintegration (1/24)
Scrolls
 c - a scroll of identify
 e - 3 scrolls of immolation
 h - 18 scrolls of remove curse
 j - 8 scrolls of teleportation
 s - 3 scrolls of magic mapping
 x - 4 scrolls of fog
 y - 2 scrolls of amnesia
 J - 2 scrolls of fear
 M - a scroll of recharging
 Z - a scroll of silence
Potions
 d - 2 potions of might
 g - a potion of resistance
 k - 3 potions of brilliance
 n - 5 potions of curing
 r - a potion of agility
 v - 4 potions of ambrosia
 z - 4 potions of flight
 D - 2 potions of magic
 E - 2 potions of haste
 F - 2 potions of mutation
 T - a potion of cancellation
 X - 2 potions of cure mutation
Books
 o - a book of Transfigurations

   Spells                             Type                      Level
   a - Irradiate                      Conjuration/Transmutation    5
   b - Statue Form                    Transmutation/Earth          6
   c - Hydra Form                     Transmutation                6
   d - Dragon Form                    Transmutation                7
 G - a book of the Tempests

   Spells                             Type                      Level
   a - Static Discharge               Conjuration/Air              3
   b - Lightning Bolt                 Conjuration/Air              5
   c - Fireball                       Conjuration/Fire             5
   d - Tornado                        Air                          9
   e - Shatter                        Earth                        9
Comestibles
 f - 13 bread rations
 m - a beef jerky
 t - 7 fruits
 C - 17 meat rations


   Skills:
 + Level 19.2 Fighting
 * Level 24.1 Long Blades
 - Level 18.3 Armour
 + Level 9.5 Dodging
 - Level 4.0 Shields
 - Level 9.1 Invocations


You had 9 spell levels left.
You knew the following spells:

 Your Spells              Type           Power        Failure   Level  Hunger
a - Repel Missiles        Chrm/Air       #.....       96%         2    ###....
b - Statue Form           Tmut/Erth      #........    100%        6    #######


Dungeon Overview and Level Annotations

Branches:
Dungeon (15/15)            Temple (1/1) D:6            Lair (6/6) D:11
 Shoals (3/4) Lair:3        Snake (4/4) Lair:4        Slime (1/5) Lair:5
    Orc (2/2) D:12            Elf (0/3) Orc:2        Vaults (0/5) D:14
 Depths (2/5) D:15

Altars:
Ashenzari
Cheibriados
Dithmenos
Elyvilon
Fedhas
Gozag
Hepliaklqana
Kikubaaqudgha
Makhleb
Nemelex Xobeh
Okawaru
Qazlal
Ru
Sif Muna
Trog
Uskayaw
Vehumet
Xom
Yredelemnul
Zin
The Shining One
Beogh
Jiyva

Shops:
D:9 (   D:13 %   D:14 (   Orc:2 :((?   Shoals:1 :   Snake:1 =*=}   Snake:2 =
Snake:3 (   Snake:4 }

Portals:
Hell: Depths:1


Innate Abilities, Weirdness & Mutations

You reflexively headbutt those who attack you in melee.
You have a pair of horns on your head.
Your spells are a little harder to cast, but a little more powerful.


Message History

The manticore claws you but does no damage. x2
You block the water nymph's attack.
You slice the manticore!!
You kill the manticore!
Okawaru accepts your kill.
* * * LOW HITPOINT WARNING * * *
Your lungs strain for air!
The merfolk aquamancer hits you but does no damage.
You slice the merfolk aquamancer!! You drain the merfolk aquamancer!
Your headbutt misses the merfolk aquamancer.
The merfolk aquamancer is severely wounded.
* * * LOW HITPOINT WARNING * * *
Your lungs strain for air!
The water elemental completely misses you.
You closely miss the merfolk aquamancer.
The merfolk aquamancer is severely wounded.
* * * LOW HITPOINT WARNING * * *
Your lungs strain for air!
The water nymph touches you. The water nymph drowns you!
You die...

≈≈≈≈≈≈≈≈≈≈≈≈≈≈≈≈
≈≈≈≈≈≈≈≈≈≈≈≈≈≈≈≈≈
≈≈≈≈≈≈≈≈≈≈≈≈≈≈≈≈≈≈
≈≈≈≈≈≈≈≈≈≈≈≈≈≈≈≈≈≈≈
≈≈≈≈≈≈≈...≈..≈≈≈≈≈≈
≈≈≈≈≈≈≈.m.....≈≈≈≈≈
≈≈≈≈≈......†m...≈≈≈
≈≈≈≈≈....mm@E..≈≈≈≈
≈≈≈≈≈≈....##≈..≈≈≈≈
≈≈≈≈≈.m..## ...≈≈≈≈
≈≈≈≈..≈.## ...≈≈≈≈
≈≈≈≈.≈÷≈# ...≈≈≈≈
≈≈≈≈.≈≈≈. ...≈≈≈≈
≈≈#≈#.≈≈.. ...≈≈≈≈
#≈≈ ≈m#.... ..≈≈≈≈≈
≈≈ ≈≈≈≈.....


You could see a merfolk avatar, 2 merfolk aquamancers, a merfolk, a water
elemental and a water nymph.

Vanquished Creatures
  Vashnia (Snake:4)
  3 acid blobs
  The ghost of donomii the Deadly Accurate, an adept DsBe of Trog (Snake:3)
  Roxanne (Shoals:1)
  An azure jelly (Lair:5)
  9 nagarajas (Snake:4)
  An orc warlord (D:15)
  A frost giant (Depths:1)
  Louise (Snake:4)
  A stone giant (Depths:1)
  7 very ugly things (Depths:1)
  An ettin (Depths:1)
  A merfolk impaler (Shoals:1)
  A fire dragon (Depths:1)
  3 great orbs of eyes
  The ghost of Dumah the Blocker, a journeyman DsAK of Lugonu (Lair:5)
  A vault guard (D:14)
  2 rakshasas
  13 naga warriors
  7 hydras
  2 merfolk avatars
  6 centaur warriors
  The ghost of Dexcius the Cleaver, a novice MiBe of Trog (D:9)
  10 anacondas
  A vampire mage (Depths:1)
  A merfolk aquamancer (Shoals:1)
  A dancing weapon (Orc:2)
  3 ogre magi
  4 tengu warriors
  10 death yaks
  A deep troll shaman (Depths:1)
  An orc high priest (D:15)
  A deep troll earth mage (Depths:1)
  4 shock serpents
  16 naga sharpshooters
  3 soul eaters (Depths:1)
  The ghost of sinus the Spear-Bearer, a novice NaFi of Cheibriados (D:8)
  4 sea snakes (Shoals:2)
  2 salamander mystics
  2 deep trolls (Depths:1)
  An iron troll (Depths:1)
  9 hell knights
  3 glowing orange brains
  A shadow demon (Depths:1)
  3 unseen horrors
  14 naga ritualists
  An obsidian statue (Depths:1)
  A wizard (Depths:1)
  A shadow dragon zombie (Depths:1)
  9 hill giants
  7 harpies
  4 necromancers
  Pikel (D:4)
  5 orc knights
  3 deep elf magi
  6 mana vipers
  9 orc sorcerers (Orc:2)
  13 salamanders
  An oklob plant (Lair:2)
  A fire giant zombie (Depths:1)
  2 cyclopes
  3 fauns (Shoals:1)
  A shining eye (Slime:1)
  7 manticores
  10 ugly things
  6 guardian serpents
  3 elephants (Lair:6)
  29 black mambas
  5 sirens
  An elephant (shapeshifter) (Depths:1)
  Psyche (D:11)
  16 naga magi
  3 water nymphs
  12 spiny frogs
  An eye of devastation (Slime:1)
  3 orange demons (Depths:1)
  9 komodo dragons
  A rime drake (Lair:2)
  A kobold demonologist (D:14)
  3 efreet
  A yaktaur (Depths:1)
  3 ice devils (Depths:1)
  A red devil (Depths:1)
  2 tengu conjurers
  8 trolls
  10 polar bears
  3 meliai (D:15)
  8 merfolk
  3 wind drakes
  5 hornets
  7 two-headed ogres
  A hornet (shapeshifter) (D:15)
  18 blink frogs
  5 dream sheep (Lair:6)
  A deep troll zombie (Depths:1)
  A slime creature (shapeshifter) (D:15)
  A meliai zombie (D:12)
  14 hippogriffs
  21 slime creatures
  7 snapping turtles
  Sigmund (D:4)
  11 water elementals
  A shadow (D:13)
  10 wyverns
  A wraith (D:14)
  A yak (shapeshifter) (D:15)
  44 yaks
  4 hogs (D:7)
  11 spriggans (Lair:6)
  A vampire (D:14)
  5 basilisks
  A steam dragon (D:10)
  A human (D:7)
  A hungry ghost (D:13)
  A yaktaur simulacrum (Depths:1)
  2 mottled dragons
  Edmund (D:4)
  46 nagas
  A soldier ant (D:13)
  16 water moccasins
  A floating eye (Depths:1)
  8 porcupines
  6 black bears
  22 orc warriors
  Duvessa (D:7)
  A slave (D:4)
  4 ice beasts
  3 sky beasts
  A phantom (D:4)
  2 eyes of draining (D:13)
  25 wolves
  16 ogres
  7 boggarts
  10 centaurs
  2 big kobolds
  14 crocodiles
  16 bullfrogs
  2 gnoll sergeants
  2 wyvern zombies
  Dowan (D:7)
  2 wyvern skeletons
  6 killer bees (D:13)
  4 scorpions
  An oklob sapling (D:6)
  10 wights
  4 electric eels
  5 centaur zombies
  13 crimson imps
  A bullfrog zombie (D:12)
  A quasit (D:9)
  3 jellies
  8 centaur skeletons
  7 hounds
  An iron imp (Depths:1)
  11 orc priests
  4 bullfrog skeletons
  2 iguanas
  37 orc wizards
  14 worker ants
  A hound zombie (D:6)
  2 hound skeletons
  A worker ant zombie (D:9)
  22 gnolls
  A howler monkey zombie (D:8)
  14 adders
  A howler monkey skeleton (D:10)
  2 river rats (D:11)
  5 shadow imps
  A white imp (Depths:1)
  5 worms
  2 dart slugs (D:2)
  4 leopard geckos
  69 orcs
  3 giant cockroaches
  6 goblins
  10 hobgoblins
  10 jackals
  13 kobolds
  4 quokkas
  4 ball pythons
  19 bats
  10 frilled lizards
  A jackal skeleton (D:4)
  19 rats
  A fungus (D:11)
  A plant (D:6)
1130 creatures vanquished.

Vanquished Creatures (others)
  2 nagas (Snake:4)
  2 orc wizards
  2 orcs (Orc:2)
  8 fungi
  10 plants
24 creatures vanquished.

Grand Total: 1154 creatures vanquished

Notes
Turn   | Place    | Note
-------+----------+-------------------------------------------
     0 | D:1      | Jerry the Minotaur Fighter began the quest for the Orb.
     0 | D:1      | Reached XP level 1. HP: 19/19 MP: 0/0
   326 | D:1      | Reached skill level 3 in Long Blades
   326 | D:1      | Reached XP level 2. HP: 27/27 MP: 1/1
   981 | D:2      | Reached XP level 3. HP: 33/33 MP: 2/2
  1073 | D:2      | Reached skill level 1 in Dodging
  1785 | D:2      | Reached XP level 4. HP: 40/40 MP: 3/3
  2342 | D:3      | Reached skill level 4 in Long Blades
  2775 | D:3      | Reached XP level 5. HP: 41/47 MP: 4/4
  3151 | D:3      | Found a burning altar of Makhleb.
  3268 | D:4      | Noticed Sigmund
  3281 | D:4      | Killed Sigmund
  3281 | D:4      | Reached skill level 5 in Long Blades
  3281 | D:4      | Reached XP level 6. HP: 50/55 MP: 5/5
  3306 | D:4      | Reached skill level 5 in Fighting
  3382 | D:4      | Reached skill level 5 in Armour
  3441 | D:4      | Reached skill level 6 in Long Blades
  3567 | D:4      | Reached XP level 7. HP: 54/61 MP: 6/6
  3817 | D:4      | Noticed Pikel
  3820 | D:4      | Noticed Edmund
  3836 | D:4      | Killed Pikel
  3836 | D:4      | Reached skill level 7 in Long Blades
  3836 | D:4      | Reached XP level 8. HP: 70/70 MP: 7/7
  3843 | D:4      | Killed Edmund
  3843 | D:4      | Reached skill level 8 in Long Blades
  4434 | D:3      | Reached skill level 5 in Dodging
  4943 | D:4      | Found a sparkling altar of Nemelex Xobeh.
  5001 | D:5      | Entered Level 5 of the Dungeon
  5193 | D:5      | Reached skill level 9 in Long Blades
  5663 | D:6      | Found a staircase to the Ecumenical Temple.
  5678 | D:6      | Reached XP level 9. HP: 79/79 MP: 8/8
  5680 | Temple   | Entered the Ecumenical Temple
  5981 | Temple   | Became a worshipper of Warmaster Okawaru
  6367 | D:6      | Reached skill level 1 in Invocations
  6573 | D:7      | Reached * piety under Okawaru
  6573 | D:7      | Reached skill level 10 in Long Blades
  6731 | D:7      | Got a pitted falchion {drain}
  6732 | D:7      | Identified the +8 falchion of Kuquotipt {drain, rN+ MR++ Str-4} (You took it off a gnoll on level 7 of the Dungeon)
  6874 | D:7      | Noticed Duvessa
  6875 | D:7      | Noticed Dowan
  6886 | D:7      | Killed Duvessa
  6891 | D:7      | Killed Dowan
  7093 | D:7      | Reached ** piety under Okawaru
  7096 | D:7      | Reached skill level 11 in Long Blades
  7617 | D:8      | Reached XP level 10. HP: 89/89 MP: 11/11
  7767 | D:8      | Noticed sinus's ghost (novice NaFi)
  7784 | D:8      | Killed sinus's ghost
  8182 | D:9      | Found Ediem's Antique Weapon Boutique.
  8196 | D:9      | Noticed Dexcius's ghost (novice MiBe)
  8232 | D:9      | Killed Dexcius's ghost
  8232 | D:9      | Reached *** piety under Okawaru
  8232 | D:9      | Reached skill level 12 in Long Blades
  9132 | D:10     | Entered Level 10 of the Dungeon
  9214 | D:10     | Noticed a hill giant
  9223 | D:10     | Killed a hill giant
  9223 | D:10     | Reached **** piety under Okawaru
  9277 | D:10     | Noticed a centaur warrior
  9292 | D:10     | Killed a centaur warrior
  9292 | D:10     | Reached skill level 10 in Fighting
  9292 | D:10     | Reached skill level 13 in Long Blades
  9292 | D:10     | Reached skill level 10 in Armour
  9308 | D:10     | Reached XP level 11. HP: 98/99 MP: 12/12
  9490 | D:10     | Received a gift from Okawaru
  9676 | D:10     | Reached ***** piety under Okawaru
  9913 | D:11     | Noticed a white ugly thing
  9926 | D:11     | Killed a white ugly thing
  9926 | D:11     | Received a gift from Okawaru
 10266 | D:11     | Reached skill level 14 in Long Blades
 10270 | D:11     | Noticed Psyche
 10277 | D:11     | Noticed a hill giant
 10280 | D:11     | Killed Psyche
 10294 | D:11     | Killed a hill giant
 10552 | D:11     | Found a staircase to the Lair.
 10942 | Lair:1   | Entered Level 1 of the Lair of Beasts
 11030 | Lair:1   | Noticed a five-headed hydra
 11044 | Lair:1   | Killed a five-headed hydra
 11521 | Lair:1   | Noticed a five-headed hydra
 11533 | Lair:1   | Killed a five-headed hydra
 11533 | Lair:1   | Reached XP level 12. HP: 76/110 MP: 11/14
 11686 | Lair:1   | Reached skill level 15 in Long Blades
 12477 | Lair:2   | Reached skill level 5 in Invocations
 12656 | Lair:2   | Received a gift from Okawaru
 12766 | Lair:2   | Noticed a six-headed hydra
 12779 | Lair:2   | Killed a six-headed hydra
 12783 | Lair:2   | Found an opulent altar of Gozag.
 14319 | Lair:3   | Noticed a death yak
 14346 | Lair:3   | Killed a death yak
 14377 | Lair:3   | Noticed a death yak
 14377 | Lair:3   | Noticed a death yak
 14378 | Lair:3   | Noticed a death yak
 14389 | Lair:3   | Killed a death yak
 14389 | Lair:3   | Reached skill level 16 in Long Blades
 14397 | Lair:3   | Noticed a death yak
 14406 | Lair:3   | Killed a death yak
 14406 | Lair:3   | Received a gift from Okawaru
 14418 | Lair:3   | Killed a death yak
 14424 | Lair:3   | Killed a death yak
 14434 | Lair:3   | Got a transparent cloak {god gift}
 14445 | Lair:3   | Identified the +1 cloak of Dacaiz {Int+4} (Okawaru gifted it to you on level 3 of the Lair of Beasts)
 14699 | Lair:3   | Found a staircase to the Shoals.
 15199 | Lair:4   | Reached XP level 13. HP: 108/119 MP: 16/16
 15351 | Lair:4   | Found a staircase to the Snake Pit.
 16374 | Lair:4   | Learned a level 2 spell: Repel Missiles
 16545 | Lair:5   | Found a viscous altar of Jiyva.
 16545 | Lair:5   | Found a staircase to the Slime Pits.
 16578 | Lair:5   | Received a gift from Okawaru
 16858 | Lair:5   | Reached skill level 17 in Long Blades
 16914 | Lair:5   | Noticed Dumah's ghost (journeyman DsAK)
 16959 | Lair:5   | Killed Dumah's ghost
 17636 | Lair:6   | Entered Level 6 of the Lair of Beasts
 17887 | Lair:6   | Received a gift from Okawaru
 18376 | Lair:6   | Reached XP level 14. HP: 121/130 MP: 19/19
 18395 | Lair:6   | Received a gift from Okawaru
 18469 | Lair:6   | Reached ****** piety under Okawaru
 18580 | Lair:6   | Reached skill level 18 in Long Blades
 19759 | D:12     | Found a staircase to the Orcish Mines.
 19895 | D:12     | Gained mutation: Your spells are a little harder to cast, but a little more powerful. [potion of beneficial mutation]
 20052 | D:13     | Found Kiyruew's Food Shop.
 20451 | D:13     | Found an opulent altar of Gozag.
 22175 | D:14     | Received a gift from Okawaru
 22267 | D:14     | Reached skill level 19 in Long Blades
 22735 | D:14     | Found Homuk's Antique Weapon Emporium.
 22790 | D:14     | Reached XP level 15. HP: 120/139 MP: 20/20
 22809 | D:14     | Found a gate to the Vaults.
 23183 | D:15     | Entered Level 15 of the Dungeon
 23280 | D:15     | Reached skill level 15 in Armour
 23300 | D:15     | Reached skill level 15 in Fighting
 24024 | D:15     | Received a gift from Okawaru
 24205 | D:15     | Found a staircase to the Depths.
 24522 | D:15     | Found a white marble altar of Elyvilon.
 24981 | D:15     | Found a runed door.
 25169 | D:15     | Noticed an orc warlord
 25200 | D:15     | Killed an orc warlord
 25200 | D:15     | Received a gift from Okawaru
 25203 | D:15     | Got a shimmering plate armour {god gift}
 25235 | D:14     | Identified the +1 plate armour of Okawaru's Reproof {rN+ rCorr Slay+2} (Okawaru gifted it to you on level 15 of the Dungeon)
 25888 | D:15     | Reached skill level 20 in Long Blades
 25933 | D:15     | Found a roughly hewn altar of Beogh.
 26178 | Snake:1  | Entered Level 1 of the Snake Pit
 26354 | Snake:1  | Found Hekasyxa's Jewellery Shoppe.
 26354 | Snake:1  | Found Viulaokh's Assorted Antiques.
 26355 | Snake:1  | Found Ceal's Jewellery Emporium.
 26357 | Snake:1  | Found Pohijiucha's Gadget Shoppe.
 26375 | Snake:1  | Bought the ring of Trog's Wrath {rElec rF+++ MR- Int-5 SInv} for 838 gold pieces
 27098 | Snake:2  | Found Vaogut Kafu's Jewellery Shoppe.
 28898 | Snake:3  | Found Niro Yss's Antique Weapon Emporium.
 28974 | Snake:3  | Noticed donomii's ghost (adept DsBe)
 29029 | Snake:3  | Killed donomii's ghost
 29238 | Snake:3  | Reached XP level 16. HP: 118/151 MP: 18/21
 29264 | Snake:3  | Received a gift from Okawaru
 29288 | Snake:3  | Got a smoking shield {god gift}
 29666 | Snake:3  | Identified the +0 shield of Fortification {*Drain Int+4 Dex+8 Stlth+} (Okawaru gifted it to you on level 3 of the Snake Pit)
 29812 | Snake:3  | Reached skill level 21 in Long Blades
 29952 | Snake:4  | Entered Level 4 of the Snake Pit
 29968 | Snake:4  | Got a smoking dagger
 29969 | Snake:4  | Identified the +8 dagger of the Penguin {pierce, *Drain rElec Int+8 Stlth-} (You found it on level 4 of the Snake Pit)
 29976 | Snake:4  | Noticed Vashnia
 30786 | Snake:4  | Noticed Louise
 31014 | Snake:4  | Killed Louise
 33724 | Snake:4  | Reached skill level 22 in Long Blades
 34846 | Snake:3  | Received a gift from Okawaru
 34998 | Snake:3  | Got a polished lajatang {god gift}
 34999 | Snake:3  | Identified the +7 lajatang of Heipsagg {flame, +Rage rC+ Stlth+} (Okawaru gifted it to you on level 3 of the Snake Pit)
 35070 | Snake:4  | Found Ohagrat's Gadget Shop.
 35805 | Snake:4  | Killed Vashnia
 35805 | Snake:4  | Reached XP level 17. HP: 124/161 MP: 18/22
 36979 | Snake:4  | Got a serpentine rune of Zot
 37167 | Snake:4  | Received a gift from Okawaru
 37170 | Snake:4  | Got a translucent great sword {god gift}
 37171 | Snake:4  | Identified the +2 great sword of Destiny {slice, Dex+3 SInv} (Okawaru gifted it to you on level 4 of the Snake Pit)
 37367 | Orc:1    | Entered Level 1 of the Orcish Mines
 37460 | Orc:2    | Entered Level 2 of the Orcish Mines
 37778 | Orc:2    | Found a staircase to the Elven Halls.
 38382 | Orc:2    | Found Jieh's Antique Weapon Boutique.
 38426 | Orc:2    | Found an ancient bone altar of Kikubaaqudgha.
 38442 | Orc:2    | Reached skill level 23 in Long Blades
 38484 | Orc:2    | Found a roughly hewn altar of Beogh.
 38484 | Orc:2    | Found Qisuz's Magic Scroll Shop.
 38508 | Orc:2    | Found Tyl Lau's Book Boutique.
 38550 | Orc:2    | Found Egrausk's Antique Weapon Shop.
 38590 | Orc:2    | Found a radiant altar of Vehumet.
 38929 | Snake:1  | Bought the amulet of Vegodil {Gourm rC+ MR+} for 843 gold pieces
 39000 | Shoals:1 | Entered Level 1 of the Shoals
 39532 | Shoals:1 | Noticed Roxanne
 39557 | Shoals:1 | Killed Roxanne
 39570 | Shoals:1 | Learned a level 6 spell: Statue Form
 40313 | Shoals:1 | Found Oriu's Book Shoppe.
 41004 | Shoals:2 | Received a gift from Okawaru
 41189 | Shoals:2 | Got an ancient falchion
 41190 | Shoals:2 | Identified the +9 falchion "Nufah" {drain, rF+ rN+ Int+4 Dex+2} (You found it on level 2 of the Shoals)
 42478 | Depths:1 | Entered Level 1 of the Depths
 42570 | Depths:1 | Received a gift from Okawaru
 42824 | Depths:1 | Reached XP level 18. HP: 100/173 MP: 23/23
 44759 | Depths:1 | Found a gateway to Hell.
 46192 | Depths:1 | HP: 6/173 [death drake (shapeshifter)] (4)]
 47182 | Snake:2  | Bought an uncursed ring of resist corrosion for 360 gold pieces
 47288 | Slime:1  | Entered Level 1 of the Pits of Slime
 47294 | Lair:5   | Reached skill level 24 in Long Blades
 47358 | Lair:5   | Received a gift from Okawaru
 47521 | Lair:5   | Got a translucent executioner's axe {god gift}
 47632 | Shoals:3 | HP: 9/264 [drowned by a water elemental (5)]
 47633 | Shoals:3 | Drowned by a water nymph

Skill      XL: |  1  2  3  4  5  6  7  8  9 10 11 12 13 14 15 16 17 18 |
---------------+-------------------------------------------------------+-----
Long Blades    | 3 4 5 6 7 9 11 13 14 16 17 19 20 22 23 24 | 24.1
Dodging        | 1 2 3 4 5 6 9 |  9.5
Fighting       | 4 5 7 8 10 11 12 13 14 16 17 18 19 | 19.2
Shields        | 4 |  4.0
Armour         | 4 5 6 7 8 10 11 12 13 14 16 17 18 | 18.3
Invocations    | 3 4 6 8 9 |  9.1

Action                   |  1- 3 |  4- 6 |  7- 9 | 10-12 | 13-15 | 16-18 || total
-------------------------+-------+-------+-------+-------+-------+-------++-------
Melee: Long sword        |   104 |    88 |       |       |       |       ||   192
       Headbutt          |    21 |    42 |    89 |   141 |   366 |   485 ||  1144
       Dagger            |       |   105 |   376 |    26 |    33 |       ||   540
       Falchion          |       |       |    50 |   723 |  1413 |  2109 ||  4295
       Punch             |       |       |       |       |     2 |       ||     2
       Scimitar          |       |       |       |       |   289 |       ||   289
       Triple sword      |       |       |       |       |       |    31 ||    31
Throw: Tomahawk          |       |       |       |     3 |     1 |       ||     4
Invok: Heroism           |       |       |       |    20 |    43 |    38 ||   101
       Finesse           |       |       |       |     1 |    15 |    14 ||    30
Evoke: Wand              |       |       |       |     6 |       |     1 ||     7
  Use: Potion            |       |       |     2 |     2 |     1 |    16 ||    21
       Scroll            |       |       |    15 |     3 |    18 |    22 ||    58
  Eat: Chunk             |     3 |     6 |    12 |    24 |    29 |    36 ||   110
       Fruit             |       |       |     1 |       |     3 |     4 ||     8
       Pizza             |       |       |       |       |     8 |       ||     8
       Royal jelly       |       |       |       |       |     1 |     1 ||     2
       Beef jerky        |       |       |       |       |       |    10 ||    10
       Bread ration      |       |       |       |       |       |     2 ||     2
Armor: Scale mail        |    40 |       |       |       |       |       ||    40
       Chain mail        |    11 |    74 |    55 |   185 |     8 |       ||   333
       Plate armour      |       |       |   106 |    78 |   718 |   634 ||  1536
       Ice dragon scales |       |       |       |       |       |   313 ||   313
Dodge: Dodged            |    63 |    60 |   121 |   186 |   513 |   712 ||  1655
Block: Buckler           |     3 |    27 |    63 |   115 |   228 |   282 ||   718
       Reflection        |       |       |       |       |     4 |    26 ||    30
       Rpst.: Long sword |    12 |     5 |       |       |       |       ||    17
       Falchion          |       |       |     3 |    53 |    89 |   108 ||   253
       Scimitar          |       |       |       |       |    22 |       ||    22
       Triple sword      |       |       |       |       |       |     1 ||     1
